Capitals vs Senateurs
Created - 30 novembre 2016 at 23:11
Goals
|
Capitals |
0 |
1 |
2 |
3 |
Senateurs |
2 |
3 |
1 |
6 |
|
Shots
|
Capitals |
10 |
10 |
13 |
33 |
Senateurs |
9 |
12 |
13 |
34 |
|
1st period
1. Senateurs , Thomas Vanek 11 (Gilbert Brule) at 12:14
2. Senateurs , Thomas Vanek 12 (Gilbert Brule) at 13:31
Penalties :
Jason Spezza (Was) for Elbowing (Minor) at 3:51
2nd period
3. Senateurs , Milan Hejduk 1 (Darcy Hordichuk) at 0:36
4. Capitals , Daniel Sedin 7 (Jason Spezza) at 2:30
5. Senateurs , Darcy Hordichuk 4 (Carlo Colaiacovo) at 6:58
6. Senateurs , Dan Hamhuis 4 (Kurtis Foster) at 10:14
Penalties :
Jason Spezza (Was) for Hooking (Minor) at 13:45
3rd period
7. Capitals , Joe Thornton 6 (Jason Spezza) at 5:26
8. Senateurs , Andy McDonald 1 (Ales Kotalik, Andrew Ebbett) at 12:51
9. Capitals , Ryan Callahan 2 (Cody Franson, Scottie Upshall) at 17:09 (PP)
Penalties :
Brad Richards (Ott) for Roughing (Minor) at 1:39, Johan Franzen (Ott) for Hooking (Minor) at 15:43
Goalie Stats
Jaroslav Halak (Was), 12 saves from 16 shots - (0,750), L, 7-7-1, 26:58 minutes
Braden Holtby (Was), 16 saves from 18 shots - (0,889), 33:02 minutes
Ondrej Pavelec (Ott), 30 saves from 33 shots - (0,909), W, 6-5-2, 60:00 minutes
Players Stats for Capitals
Player Name G A P +/- PIM S H SB GA TA FO MP PP MP PK MP
------------------------------------------------------------------------------------
Adam Hall 0 0 0 -4 0 2 0 1 0 0 1/1 13:56 0:04 0:00
Chris Kelly 0 0 0 -4 0 2 0 0 0 1 4/8 15:13 0:00 1:48
Cody Franson 0 1 1 -3 0 3 1 0 0 0 0/0 20:30 1:10 1:43
Daniel Sedin 1 0 1 0 0 1 2 0 0 1 1/2 21:44 1:53 1:37
Derek Stepan 0 0 0 1 0 2 0 0 0 0 2/5 5:16 0:00 2:01
James Neal 0 0 0 0 0 3 1 1 0 0 0/1 20:47 1:53 0:00
Jason Spezza 0 2 2 1 4 5 0 1 1 0 17/34 24:00 1:53 0:00
Jay Harrison 0 0 0 0 0 0 0 0 0 0 0/0 2:49 0:00 0:00
Joe Thornton 1 0 1 0 0 3 3 1 0 0 3/16 22:54 1:28 1:54
Johnny Oduya 0 0 0 0 0 0 0 2 0 0 0/0 27:27 2:15 2:15
Mark Giordano 0 0 0 -1 0 0 0 1 0 0 0/0 12:03 0:00 0:00
Patrik Elias 0 0 0 -4 0 1 3 0 1 0 0/0 14:23 0:04 0:27
Paul Martin 0 0 0 0 0 2 0 0 0 0 0/0 24:38 2:15 2:15
Ryan Callahan 1 0 1 -1 0 3 1 0 1 1 0/0 18:04 1:28 0:00
Saku Koivu 0 0 0 0 0 0 0 0 0 0 0/1 1:39 0:04 0:09
Scottie Upshall 0 1 1 -1 0 3 4 0 0 0 0/0 18:04 1:28 0:00
Tyler Myers 0 0 0 -3 0 3 1 1 0 0 0/0 20:30 1:10 1:43
Zdeno Chara 0 0 0 -1 0 0 0 0 0 1 0/0 12:03 0:00 0:00
Players Stats for Senateurs
Player Name G A P +/- PIM S H SB GA TA FO MP PP MP PK MP
------------------------------------------------------------------------------------
Ales Kotalik 0 1 1 2 0 1 0 0 0 0 0/0 8:14 0:00 0:00
Andrew Ebbett 0 1 1 2 0 3 0 0 0 0 2/5 9:04 0:00 0:50
Andy McDonald 1 0 1 2 0 3 1 0 0 0 1/1 8:55 0:00 0:41
B.J. Crombeen 0 0 0 0 0 1 0 1 0 0 0/0 16:32 1:57 0:00
Brad Richards 0 0 0 0 2 3 1 1 1 0 8/12 16:31 1:57 0:00
Brandon Dubinsky 0 0 0 1 0 0 2 1 0 0 4/7 12:10 0:00 0:09
Brenden Morrow 0 0 0 0 0 1 3 0 0 0 2/3 16:51 1:57 0:19
Carlo Colaiacovo 0 1 1 3 0 0 1 0 0 0 0/0 19:49 2:10 0:41
Dan Girardi 0 0 0 0 0 0 0 0 0 0 0/0 11:54 0:00 0:10
Dan Hamhuis 1 0 1 1 0 1 0 5 0 0 0/0 28:17 1:48 2:34
Darcy Hordichuk 1 1 2 1 0 2 1 1 0 1 0/0 12:01 0:00 0:00
Gilbert Brule 0 2 2 1 0 5 1 0 0 0 21/38 22:14 2:01 2:26
Johan Franzen 0 0 0 1 2 1 1 0 0 0 2/2 19:47 2:01 0:00
Kurtis Foster 0 1 1 1 0 1 3 2 1 0 0/0 28:17 1:48 2:34
Milan Hejduk 1 0 1 1 0 2 2 0 0 0 0/0 12:01 0:00 0:00
Thomas Vanek 2 0 2 1 0 8 1 0 1 1 0/0 22:12 2:01 2:25
Vitaly Vishnevsky 0 0 0 3 0 1 0 0 1 1 0/0 19:49 2:10 0:41
Vladimir Mihalik 0 0 0 0 0 1 1 2 0 0 0/0 11:54 0:00 0:10
3 Stars
1 - Thomas Vanek (Ott)
2 - Darcy Hordichuk (Ott)
3 - Andy McDonald (Ott)
Power Play
Capitals - 1 on 3 Attempt(s) - 33,33%
Senateurs - 0 on 2 Attempt(s) - 0,00%
Penalty Kill
Capitals - 2 on 2 Attempt(s) - 100,00%
- Score 0 goal in Penalty Kill
Senateurs - 2 on 3 Attempt(s) - 66,67%
- Score 0 goal in Penalty Kill
Team Stat
Capitals - Hits : 16 - Faceoff Wins : 28 - Blocked Shots : 8 - Penalty Minutes : 4
Senateurs - Hits : 18 - Faceoff Wins : 40 - Blocked Shots : 13 - Penalty Minutes : 4
Official
Referees : O'Halloran Dan and StPierre Justin
Linesman : Mark Wheler and Tony Sericolo
Game Notes
2:59 of 2nd period - Penalty Shot by Gilbert Brule for Senateurs - Stopped by Jaroslav Halak
Braden Holtby enters game at 6:58 of 2nd period
Finance
Level 1 -- Attendance: 6000 (100,00%) -- Ticket Income 480 000 $
Level 2 -- Attendance: 5000 (100,00%) -- Ticket Income 250 000 $
Level 3 -- Attendance: 2000 (100,00%) -- Ticket Income 60 000 $
Level 4 -- Attendance: 3440 (86,00%) -- Ticket Income 79 120 $
Luxury Box -- Attendance: 961 (96,10%) -- Ticket Income 148 955 $
Game was played at the Place Banque Scotia.
Total Attendance: 17401 (96,67%)
Total Ticket Income: 1 018 075 $
Other Income: 152 711 $
Total Income: 1 170 786 $
Capitals
5 vs 5 Forward
Center Left Wing Right Wing Time % Phy DF OF
1 Jason Spezza Daniel Sedin James Neal 40 1 2 2
2 Joe Thornton Scottie Upshall Ryan Callahan 30 1 2 2
3 Chris Kelly Patrik Elias Adam Hall 20 1 2 2
4 Derek Stepan Jason Spezza Joe Thornton 10 1 2 2
5 vs 5 Defense
Defense Defense Time % Phy DF OF
1 Johnny Oduya Paul Martin 40 1 2 2
2 Tyler Myers Cody Franson 30 1 2 2
3 Zdeno Chara Mark Giordano 20 1 2 2
4 Jay Harrison Johnny Oduya 10 1 2 2
PowerPlay Forward
Center Left Wing Right Wing Time % Phy DF OF
1 Jason Spezza Daniel Sedin James Neal 60 1 2 2
2 Joe Thornton Scottie Upshall Ryan Callahan 40 1 2 2
PowerPlay Defense
Defense Defense Time % Phy DF OF
1 Johnny Oduya Paul Martin 60 1 2 2
2 Tyler Myers Cody Franson 40 1 2 2
Penalty Kill 4 Players Forward
Center Wing Time % Phy DF OF
1 Jason Spezza Joe Thornton 60 1 2 2
2 Daniel Sedin Chris Kelly 40 1 2 2
Penalty Kill 4 Players Defense
Defense Defense Time % Phy DF OF
1 Johnny Oduya Paul Martin 60 1 2 2
2 Tyler Myers Cody Franson 40 1 2 2
Penalty Kill - 3 Players Forward
Forward Time % Phy DF OF
1 Jason Spezza 60 1 2 2
2 Joe Thornton 40 1 2 2
Penalty Kill - 3 Players Defense
Defense Defense Time % Phy DF OF
1 Johnny Oduya Paul Martin 60 1 2 2
2 Tyler Myers Cody Franson 40 1 2 2
4 vs 4 Forward
Center Wing Time % Phy DF OF
1 Jason Spezza Joe Thornton 60 1 2 2
2 Daniel Sedin Chris Kelly 40 1 2 2
4 vs 4 Defense
Defense Defense Time % Phy DF OF
1 Johnny Oduya Paul Martin 60 1 2 2
2 Tyler Myers Cody Franson 40 1 2 2
Last Minutes Offensive
Center Left Wing Right Wing Defense Defense
Jason Spezza Daniel Sedin James Neal Johnny Oduya Paul Martin
Last Minutes Defensive
Center Left Wing Right Wing Defense Defense
Jason Spezza Daniel Sedin James Neal Johnny Oduya Paul Martin
Goaltenders
Starting : Jaroslav Halak
Backup : Braden Holtby
Extra Forwards
Normal : Saku Koivu, Patrik Elias, Derek Stepan - PP : Saku Koivu, Patrik Elias - PK : Derek Stepan
Extra Defensemen
Normal : Zdeno Chara, Mark Giordano, Jay Harrison - PP : Zdeno Chara - PK : Mark Giordano, Jay Harrison
Penalty Shots
Jason Spezza, Joe Thornton, Daniel Sedin, Chris Kelly, James Neal
Senateurs
5 vs 5 Forward
Center Left Wing Right Wing Time % Phy DF OF
1 Gilbert Brule Thomas Vanek Johan Franzen 40 1 2 2
2 Brad Richards Brenden Morrow B.J. Crombeen 30 1 2 2
3 Brandon Dubinsky Darcy Hordichuk Milan Hejduk 20 1 2 2
4 Andrew Ebbett Andy McDonald Ales Kotalik 10 1 2 2
5 vs 5 Defense
Defense Defense Time % Phy DF OF
1 Kurtis Foster Dan Hamhuis 40 1 2 2
2 Vitaly Vishnevsky Carlo Colaiacovo 30 1 2 2
3 Dan Girardi Vladimir Mihalik 20 1 2 2
4 Kurtis Foster Dan Hamhuis 10 1 2 2
PowerPlay Forward
Center Left Wing Right Wing Time % Phy DF OF
1 Gilbert Brule Thomas Vanek Johan Franzen 60 1 1 3
2 Brad Richards Brenden Morrow B.J. Crombeen 40 1 1 3
PowerPlay Defense
Defense Defense Time % Phy DF OF
1 Kurtis Foster Dan Hamhuis 60 1 2 2
2 Vitaly Vishnevsky Carlo Colaiacovo 40 1 2 2
Penalty Kill 4 Players Forward
Center Wing Time % Phy DF OF
1 Gilbert Brule Thomas Vanek 60 1 2 2
2 Brad Richards Brenden Morrow 40 1 2 2
Penalty Kill 4 Players Defense
Defense Defense Time % Phy DF OF
1 Kurtis Foster Dan Hamhuis 60 1 2 2
2 Vitaly Vishnevsky Carlo Colaiacovo 40 1 2 2
Penalty Kill - 3 Players Forward
Forward Time % Phy DF OF
1 Gilbert Brule 60 1 2 2
2 Thomas Vanek 40 1 2 2
Penalty Kill - 3 Players Defense
Defense Defense Time % Phy DF OF
1 Kurtis Foster Dan Hamhuis 60 1 2 2
2 Vitaly Vishnevsky Carlo Colaiacovo 40 1 2 2
4 vs 4 Forward
Center Wing Time % Phy DF OF
1 Gilbert Brule Thomas Vanek 60 1 2 2
2 Brad Richards Brenden Morrow 40 1 2 2
4 vs 4 Defense
Defense Defense Time % Phy DF OF
1 Kurtis Foster Dan Hamhuis 60 1 2 2
2 Vitaly Vishnevsky Carlo Colaiacovo 40 1 2 2
Last Minutes Offensive
Center Left Wing Right Wing Defense Defense
Gilbert Brule Thomas Vanek Johan Franzen Kurtis Foster Dan Hamhuis
Last Minutes Defensive
Center Left Wing Right Wing Defense Defense
Gilbert Brule Thomas Vanek Johan Franzen Kurtis Foster Dan Hamhuis
Goaltenders
Starting : Ondrej Pavelec
Backup : Jonas Gustavsson
Extra Forwards
Normal : Darcy Hordichuk, Andy McDonald, Andrew Ebbett - PP : Darcy Hordichuk, Andy McDonald - PK : Andrew Ebbett
Extra Defensemen
Normal : Dan Girardi, Vladimir Mihalik, Vitaly Vishnevsky - PP : Dan Girardi - PK : Vladimir Mihalik, Vitaly Vishnevsky
Penalty Shots
Gilbert Brule, Thomas Vanek, Brad Richards, Brenden Morrow, Johan Franzen
% Time on Ice - Capitals
Lines # - Real PCT - Wanted PCT - Time Play
Normal Forward
1 - 36% - 40% - 19:12
2 - 32% - 30% - 16:36
3 - 26% - 20% - 13:38
4 - 6% - 10% - 3:11
Normal Defense
1 - 38% - 40% - 20:08
2 - 33% - 30% - 17:37
3 - 23% - 20% - 12:03
4 - 5% - 10% - 2:49
PP Forward
1 - 57% - 60% - 1:57
2 - 43% - 40% - 1:28
PP Defense
1 - 66% - 60% - 2:15
2 - 34% - 40% - 1:10
PK Forward
1 - 95% - 60% - 3:46
2 - 5% - 40% - 0:12
PK Defense
1 - 57% - 60% - 2:15
2 - 43% - 40% - 1:43
PK3 Forward
1 - 0% - 60%
2 - 0% - 40%
PK3 Defense
1 - 0% - 60%
2 - 0% - 40%
44 Forward
1 - 0% - 60%
2 - 0% - 40%
44 Defense
1 - 0% - 60%
2 - 0% - 40%
Last Minute Offensive - 0:00
Last Minute Defensive - 0:00
Total
Forward - 60:00
Defense - 60:00
|
% Time on Ice - Senateurs
Lines # - Real PCT - Wanted PCT - Time Play
Normal Forward
1 - 34% - 40% - 17:47
2 - 28% - 30% - 14:35
3 - 23% - 20% - 12:01
4 - 16% - 10% - 8:14
Normal Defense
1 - 39% - 40% - 20:40
2 - 32% - 30% - 16:58
3 - 22% - 20% - 11:44
4 - 6% - 10% - 3:15
PP Forward
1 - 51% - 60% - 2:01
2 - 49% - 40% - 1:57
PP Defense
1 - 45% - 60% - 1:48
2 - 55% - 40% - 2:10
PK Forward
1 - 91% - 60% - 3:06
2 - 9% - 40% - 0:19
PK Defense
1 - 80% - 60% - 2:44
2 - 20% - 40% - 0:41
PK3 Forward
1 - 0% - 60%
2 - 0% - 40%
PK3 Defense
1 - 0% - 60%
2 - 0% - 40%
44 Forward
1 - 0% - 60%
2 - 0% - 40%
44 Defense
1 - 0% - 60%
2 - 0% - 40%
Last Minute Offensive - 0:00
Last Minute Defensive - 0:00
Total
Forward - 60:00
Defense - 60:00
|
Play by Play
1st period
0:01 of 1st period - Johan Franzen wins face-off versus Jason Spezza in neutral zone.
0:42 of 1st period - Dan Hamhuis is hit by Joe Thornton and loses puck.
0:46 of 1st period - Icing by Dan Hamhuis.
0:47 of 1st period - Chris Kelly wins face-off versus Brad Richards in Senateurs zone.
0:50 of 1st period - Slapshot by Chris Kelly.
0:50 of 1st period - Stopped by Ondrej Pavelec without a rebound.
0:51 of 1st period - Brandon Dubinsky wins face-off versus Chris Kelly in Senateurs zone.
1:32 of 1st period - Wrist shot by Thomas Vanek.
1:32 of 1st period - Stopped by Jaroslav Halak without a rebound.
1:33 of 1st period - Jason Spezza wins face-off versus Andrew Ebbett in Capitals zone.
1:44 of 1st period - Snap shot by James Neal.
1:44 of 1st period - Stopped by Ondrej Pavelec without a rebound.
1:45 of 1st period - Gilbert Brule wins face-off versus Jason Spezza in Senateurs zone.
1:54 of 1st period - Jason Spezza is hit by Kurtis Foster and loses puck.
2:02 of 1st period - Off-side.
2:03 of 1st period - Jason Spezza wins face-off versus Brenden Morrow in neutral zone.
2:16 of 1st period - Slapshot by James Neal.
2:16 of 1st period - Stopped by Ondrej Pavelec without a rebound.
2:17 of 1st period - Joe Thornton wins face-off versus Brandon Dubinsky in Senateurs zone.
2:43 of 1st period - James Neal is hit by Gilbert Brule and loses puck.
3:08 of 1st period - Snap shot by Brad Richards.
3:08 of 1st period - Stopped by Jaroslav Halak without a rebound.
3:09 of 1st period - Brad Richards wins face-off versus Joe Thornton in Capitals zone.
3:29 of 1st period - Off-side.
3:30 of 1st period - Jason Spezza wins face-off versus Andrew Ebbett in neutral zone.
3:51 of 1st period - Minor Penalty to Jason Spezza for Elbowing.
3:52 of 1st period - Derek Stepan wins face-off versus Gilbert Brule in Capitals zone.
4:18 of 1st period - Paul Martin is hit by Brad Richards.
4:22 of 1st period - Wrist shot by Brad Richards.
4:22 of 1st period - Shot Misses the Net.
5:51 of 1st period - Penalty to Jason Spezza is over, Jason Spezza is back on ice.
6:23 of 1st period - Wrist shot by Ales Kotalik.
6:23 of 1st period - Deflect By Andrew Ebbett.
6:23 of 1st period - Stopped by Jaroslav Halak with a rebound.
6:59 of 1st period - Thomas Vanek is hit by Patrik Elias and loses puck.
7:37 of 1st period - Cody Franson is hit by Brenden Morrow and loses puck.
7:51 of 1st period - Icing by Jason Spezza.
7:52 of 1st period - Jason Spezza wins face-off versus Gilbert Brule in Capitals zone.
9:31 of 1st period - Dan Hamhuis is hit by Scottie Upshall and loses puck.
9:40 of 1st period - Mark Giordano is hit by Brenden Morrow and loses puck.
9:52 of 1st period - Icing by Joe Thornton.
9:53 of 1st period - Brandon Dubinsky wins face-off versus Jason Spezza in Capitals zone.
9:58 of 1st period - Snap shot by Milan Hejduk.
9:58 of 1st period - Shot Misses the Net.
10:18 of 1st period - Snap shot by Patrik Elias.
10:18 of 1st period - Shot Blocked by Vladimir Mihalik.
11:23 of 1st period - Scottie Upshall is hit by Milan Hejduk and loses puck.
11:30 of 1st period - Dan Hamhuis is hit by Cody Franson and loses puck.
12:14 of 1st period - Snap shot by Thomas Vanek.
12:14 of 1st period - Goal by Thomas Vanek - Capitals : 0 - Senateurs : 1.
12:15 of 1st period - Brad Richards wins face-off versus Joe Thornton in neutral zone.
12:23 of 1st period - Icing by Johnny Oduya.
12:24 of 1st period - Joe Thornton wins face-off versus Brad Richards in Capitals zone.
12:39 of 1st period - Wrist shot by Ryan Callahan.
12:39 of 1st period - Shot Blocked by Brad Richards.
12:45 of 1st period - Snap shot by Brad Richards.
12:45 of 1st period - Deflect By Johnny Oduya.
12:45 of 1st period - Shot Misses the Net.
12:45 of 1st period - Puck is out of play.
12:46 of 1st period - Gilbert Brule wins face-off versus Jason Spezza in Capitals zone.
13:01 of 1st period - Snap shot by Gilbert Brule.
13:01 of 1st period - Stopped by Jaroslav Halak without a rebound.
13:02 of 1st period - Brad Richards wins face-off versus Derek Stepan in Capitals zone.
13:17 of 1st period - Wrist shot by Derek Stepan.
13:17 of 1st period - Stopped by Ondrej Pavelec without a rebound.
13:18 of 1st period - Jason Spezza wins face-off versus Gilbert Brule in Senateurs zone.
13:29 of 1st period - Snap shot by Thomas Vanek.
13:29 of 1st period - Deflect By Johan Franzen.
13:29 of 1st period - Shot Blocked by Johnny Oduya.
13:29 of 1st period - Puck is out of play.
13:30 of 1st period - Gilbert Brule wins face-off versus Jason Spezza in Capitals zone.
13:31 of 1st period - Wrist shot by Thomas Vanek.
13:31 of 1st period - Goal by Thomas Vanek - Capitals : 0 - Senateurs : 2.
13:32 of 1st period - Jason Spezza wins face-off versus Gilbert Brule in neutral zone.
13:35 of 1st period - Carlo Colaiacovo is hit by James Neal and loses puck.
14:44 of 1st period - Slapshot by Derek Stepan.
14:44 of 1st period - Shot Misses the Net.
14:46 of 1st period - Slapshot by Derek Stepan.
14:46 of 1st period - Stopped by Ondrej Pavelec with a rebound.
14:53 of 1st period - Icing by Kurtis Foster.
14:54 of 1st period - Andy McDonald wins face-off versus Jason Spezza in Senateurs zone.
14:59 of 1st period - Gilbert Brule is hit by Daniel Sedin and loses puck.
15:10 of 1st period - Snap shot by Thomas Vanek.
15:10 of 1st period - Stopped by Jaroslav Halak with a rebound.
15:24 of 1st period - Snap shot by Scottie Upshall.
15:24 of 1st period - Stopped by Ondrej Pavelec without a rebound.
15:25 of 1st period - Brad Richards wins face-off versus Joe Thornton in Senateurs zone.
15:29 of 1st period - Off-side.
15:30 of 1st period - Brenden Morrow wins face-off versus Joe Thornton in neutral zone.
17:08 of 1st period - Off-side.
17:09 of 1st period - Adam Hall wins face-off versus Gilbert Brule in neutral zone.
17:28 of 1st period - Mark Giordano is hit by Johan Franzen and loses puck.
18:09 of 1st period - Milan Hejduk is hit by Scottie Upshall and loses puck.
18:26 of 1st period - Slapshot by Andy McDonald.
18:26 of 1st period - Stopped by Jaroslav Halak with a rebound.
18:46 of 1st period - Snap shot by Jason Spezza.
18:46 of 1st period - Shot Misses the Net.
18:48 of 1st period - Snap shot by Jason Spezza.
18:48 of 1st period - Shot Blocked by Dan Hamhuis.
18:50 of 1st period - Snap shot by Tyler Myers.
18:50 of 1st period - Stopped by Ondrej Pavelec without a rebound.
18:51 of 1st period - Gilbert Brule wins face-off versus Joe Thornton in Senateurs zone.
19:00 of 1st period - Slapshot by Johan Franzen.
19:00 of 1st period - Deflect By Paul Martin.
19:00 of 1st period - Shot Misses the Net.
19:00 of 1st period - Puck is out of play.
19:01 of 1st period - Gilbert Brule wins face-off versus Joe Thornton in Capitals zone.
19:02 of 1st period - Slapshot by Thomas Vanek.
19:02 of 1st period - Stopped by Jaroslav Halak without a rebound.
19:03 of 1st period - Gilbert Brule wins face-off versus Jason Spezza in Capitals zone.
19:16 of 1st period - Slapshot by Jason Spezza.
19:16 of 1st period - Stopped by Ondrej Pavelec without a rebound.
19:17 of 1st period - Derek Stepan wins face-off versus Gilbert Brule in Senateurs zone.
19:22 of 1st period - Snap shot by Jason Spezza.
19:22 of 1st period - Stopped by Ondrej Pavelec with a rebound.
19:24 of 1st period - Snap shot by Joe Thornton.
19:24 of 1st period - Shot Misses the Net.
19:26 of 1st period - Wrist shot by Jason Spezza.
19:26 of 1st period - Stopped by Ondrej Pavelec without a rebound.
19:27 of 1st period - Gilbert Brule wins face-off versus Derek Stepan in Senateurs zone.
Goals for this period are 0 for Capitals vs 2 for Senateurs.
Shots for this period are 10 for Capitals vs 9 for Senateurs.
2nd period
0:01 of 2nd period - Daniel Sedin wins face-off versus Gilbert Brule in neutral zone.
0:36 of 2nd period - Snap shot by Milan Hejduk.
0:36 of 2nd period - Goal by Milan Hejduk - Capitals : 0 - Senateurs : 3.
0:37 of 2nd period - Jason Spezza wins face-off versus Gilbert Brule in neutral zone.
0:46 of 2nd period - Snap shot by Jason Spezza.
0:46 of 2nd period - Stopped by Ondrej Pavelec with a rebound.
0:52 of 2nd period - Slapshot by Jason Spezza.
0:52 of 2nd period - Stopped by Ondrej Pavelec with a rebound.
1:11 of 2nd period - Wrist shot by Joe Thornton.
1:11 of 2nd period - Stopped by Ondrej Pavelec without a rebound.
1:12 of 2nd period - Brad Richards wins face-off versus Joe Thornton in Senateurs zone.
1:12 of 2nd period - Brad Richards is hit by Scottie Upshall.
1:20 of 2nd period - Snap shot by Brad Richards.
1:20 of 2nd period - Stopped by Jaroslav Halak with a rebound.
1:28 of 2nd period - B.J. Crombeen is hit by Joe Thornton and loses puck.
1:45 of 2nd period - Wrist shot by Joe Thornton.
1:45 of 2nd period - Shot Misses the Net.
2:26 of 2nd period - Snap shot by Joe Thornton.
2:26 of 2nd period - Shot Hit the Post.
2:28 of 2nd period - Snap shot by Cody Franson.
2:28 of 2nd period - Stopped by Ondrej Pavelec without a rebound.
2:29 of 2nd period - Jason Spezza wins face-off versus Gilbert Brule in Senateurs zone.
2:30 of 2nd period - Wrist shot by Daniel Sedin.
2:30 of 2nd period - Goal by Daniel Sedin - Capitals : 1 - Senateurs : 3.
2:31 of 2nd period - Jason Spezza wins face-off versus Gilbert Brule in neutral zone.
2:59 of 2nd period - Penalty Shot by Gilbert Brule for Senateurs.
2:59 of 2nd period - Wrist shot by Gilbert Brule.
2:59 of 2nd period - Stopped by Jaroslav Halak.
3:00 of 2nd period - Chris Kelly wins face-off versus Brandon Dubinsky in Senateurs zone.
3:22 of 2nd period - Icing by Milan Hejduk.
3:23 of 2nd period - Brad Richards wins face-off versus Joe Thornton in Senateurs zone.
3:57 of 2nd period - Snap shot by Johan Franzen.
3:57 of 2nd period - Deflect By Thomas Vanek.
3:57 of 2nd period - Stopped by Jaroslav Halak with a rebound.
4:51 of 2nd period - James Neal is hit by Kurtis Foster.
5:01 of 2nd period - Slapshot by Gilbert Brule.
5:01 of 2nd period - Stopped by Jaroslav Halak without a rebound.
5:02 of 2nd period - Gilbert Brule wins face-off versus Chris Kelly in Capitals zone.
5:07 of 2nd period - Snap shot by Patrik Elias.
5:07 of 2nd period - Stopped by Ondrej Pavelec without a rebound.
5:08 of 2nd period - Jason Spezza wins face-off versus Gilbert Brule in Senateurs zone.
5:17 of 2nd period - Snap shot by Gilbert Brule.
5:17 of 2nd period - Shot Misses the Net.
5:19 of 2nd period - Slapshot by Carlo Colaiacovo.
5:19 of 2nd period - Shot Misses the Net.
5:21 of 2nd period - Snap shot by Johan Franzen.
5:21 of 2nd period - Shot Misses the Net.
5:23 of 2nd period - Snap shot by Thomas Vanek.
5:23 of 2nd period - Shot Blocked by James Neal.
5:25 of 2nd period - Snap shot by Johan Franzen.
5:25 of 2nd period - Stopped by Jaroslav Halak with a rebound.
5:27 of 2nd period - Snap shot by Carlo Colaiacovo.
5:27 of 2nd period - Shot Blocked by Mark Giordano.
5:29 of 2nd period - Wrist shot by Gilbert Brule.
5:29 of 2nd period - Deflect By Thomas Vanek.
5:29 of 2nd period - Stopped by Jaroslav Halak without a rebound.
5:30 of 2nd period - Chris Kelly wins face-off versus Brad Richards in Capitals zone.
5:45 of 2nd period - Brad Richards is hit by Patrik Elias and loses puck.
6:05 of 2nd period - Snap shot by Daniel Sedin.
6:05 of 2nd period - Shot Misses the Net.
6:17 of 2nd period - Darcy Hordichuk is hit by Tyler Myers and loses puck.
6:24 of 2nd period - Snap shot by Joe Thornton.
6:24 of 2nd period - Shot Blocked by Dan Hamhuis.
6:31 of 2nd period - Icing by Kurtis Foster.
6:32 of 2nd period - Brandon Dubinsky wins face-off versus Chris Kelly in Senateurs zone.
6:58 of 2nd period - Wrist shot by Darcy Hordichuk.
6:58 of 2nd period - Goal by Darcy Hordichuk - Capitals : 1 - Senateurs : 4.
6:58 of 2nd period - Braden Holtby enters game.
6:59 of 2nd period - Gilbert Brule wins face-off versus Daniel Sedin in neutral zone.
7:06 of 2nd period - Wrist shot by Thomas Vanek.
7:06 of 2nd period - Shot Blocked by Johnny Oduya.
7:25 of 2nd period - Scottie Upshall is hit by Brenden Morrow.
7:29 of 2nd period - B.J. Crombeen is hit by Ryan Callahan and loses puck.
7:38 of 2nd period - Slapshot by Vitaly Vishnevsky.
7:38 of 2nd period - Shot Misses the Net.
8:20 of 2nd period - Milan Hejduk is hit by Scottie Upshall and loses puck.
8:25 of 2nd period - Backhand shot by Joe Thornton.
8:25 of 2nd period - Deflect By Scottie Upshall.
8:25 of 2nd period - Shot Misses the Net.
8:25 of 2nd period - Puck is out of play.
8:26 of 2nd period - Gilbert Brule wins face-off versus Joe Thornton in Senateurs zone.
8:31 of 2nd period - Snap shot by Dan Hamhuis.
8:31 of 2nd period - Shot Misses the Net.
8:43 of 2nd period - Wrist shot by Joe Thornton.
8:43 of 2nd period - Shot Misses the Net.
8:45 of 2nd period - Wrist shot by Ryan Callahan.
8:45 of 2nd period - Shot Misses the Net.
8:47 of 2nd period - Snap shot by Joe Thornton.
8:47 of 2nd period - Stopped by Ondrej Pavelec with a rebound.
8:49 of 2nd period - Slapshot by Scottie Upshall.
8:49 of 2nd period - Stopped by Ondrej Pavelec without a rebound.
8:50 of 2nd period - Brenden Morrow wins face-off versus Jason Spezza in Senateurs zone.
9:17 of 2nd period - Wrist shot by Scottie Upshall.
9:17 of 2nd period - Deflect By Ryan Callahan.
9:17 of 2nd period - Stopped by Ondrej Pavelec with a rebound.
9:19 of 2nd period - Slapshot by Tyler Myers.
9:19 of 2nd period - Shot Blocked by Vladimir Mihalik.
9:21 of 2nd period - Slapshot by Tyler Myers.
9:21 of 2nd period - Stopped by Ondrej Pavelec without a rebound.
9:22 of 2nd period - Gilbert Brule wins face-off versus Joe Thornton in Senateurs zone.
10:14 of 2nd period - Slapshot by Dan Hamhuis.
10:14 of 2nd period - Goal by Dan Hamhuis - Capitals : 1 - Senateurs : 5.
10:15 of 2nd period - Jason Spezza wins face-off versus Gilbert Brule in neutral zone.
10:18 of 2nd period - Wrist shot by James Neal.
10:18 of 2nd period - Shot Misses the Net.
10:51 of 2nd period - Wrist shot by Patrik Elias.
10:51 of 2nd period - Shot Blocked by B.J. Crombeen.
11:09 of 2nd period - Wrist shot by Brenden Morrow.
11:09 of 2nd period - Shot Misses the Net.
11:11 of 2nd period - Backhand shot by Vladimir Mihalik.
11:11 of 2nd period - Stopped by Braden Holtby with a rebound.
11:15 of 2nd period - Snap shot by Darcy Hordichuk.
11:15 of 2nd period - Shot Misses the Net.
12:47 of 2nd period - Paul Martin is hit by Carlo Colaiacovo and loses puck.
13:45 of 2nd period - Minor Penalty to Jason Spezza for Hooking.
13:46 of 2nd period - Gilbert Brule wins face-off versus Derek Stepan in Capitals zone.
15:45 of 2nd period - Penalty to Jason Spezza is over, Jason Spezza is back on ice.
16:40 of 2nd period - Backhand shot by Scottie Upshall.
16:40 of 2nd period - Shot Blocked by Dan Hamhuis.
17:15 of 2nd period - Paul Martin is hit by Vladimir Mihalik and loses puck.
18:24 of 2nd period - Brenden Morrow is hit by Daniel Sedin and loses puck.
19:26 of 2nd period - Icing by Daniel Sedin.
19:27 of 2nd period - Andrew Ebbett wins face-off versus Jason Spezza in Capitals zone.
19:28 of 2nd period - Slapshot by Andy McDonald.
19:28 of 2nd period - Stopped by Braden Holtby with a rebound.
19:30 of 2nd period - Slapshot by Kurtis Foster.
19:30 of 2nd period - Stopped by Braden Holtby with a rebound.
19:32 of 2nd period - Slapshot by Gilbert Brule.
19:32 of 2nd period - Stopped by Braden Holtby with a rebound.
19:59 of 2nd period - Off-side.
Goals for this period are 1 for Capitals vs 3 for Senateurs.
Shots for this period are 10 for Capitals vs 12 for Senateurs.
3rd period
0:01 of 3rd period - Gilbert Brule wins face-off versus Jason Spezza in neutral zone.
0:26 of 3rd period - Brad Richards is hit by Joe Thornton.
0:32 of 3rd period - Slapshot by B.J. Crombeen.
0:32 of 3rd period - Stopped by Braden Holtby with a rebound.
0:46 of 3rd period - Chris Kelly is hit by Darcy Hordichuk.
1:39 of 3rd period - Minor Penalty to Brad Richards for Roughing.
1:40 of 3rd period - Gilbert Brule wins face-off versus Jason Spezza in Senateurs zone.
1:55 of 3rd period - Snap shot by Jason Spezza.
1:55 of 3rd period - Shot Misses the Net.
3:39 of 3rd period - Penalty to Brad Richards is over, Brad Richards is back on ice.
3:42 of 3rd period - Icing by Adam Hall.
3:43 of 3rd period - Brad Richards wins face-off versus Saku Koivu in Capitals zone.
3:46 of 3rd period - Slapshot by Brad Richards.
3:46 of 3rd period - Stopped by Braden Holtby with a rebound.
3:52 of 3rd period - Slapshot by Paul Martin.
3:52 of 3rd period - Stopped by Ondrej Pavelec without a rebound.
3:53 of 3rd period - Brad Richards wins face-off versus Chris Kelly in Senateurs zone.
4:02 of 3rd period - Slapshot by Brenden Morrow.
4:02 of 3rd period - Shot Blocked by Tyler Myers.
4:39 of 3rd period - Slapshot by Cody Franson.
4:39 of 3rd period - Shot Blocked by Darcy Hordichuk.
5:26 of 3rd period - Wrist shot by Joe Thornton.
5:26 of 3rd period - Goal by Joe Thornton - Capitals : 2 - Senateurs : 5.
5:27 of 3rd period - Jason Spezza wins face-off versus Gilbert Brule in neutral zone.
6:24 of 3rd period - Andrew Ebbett is hit by Patrik Elias.
6:38 of 3rd period - Snap shot by Brandon Dubinsky.
6:38 of 3rd period - Shot Misses the Net.
6:40 of 3rd period - Snap shot by Vitaly Vishnevsky.
6:40 of 3rd period - Stopped by Braden Holtby without a rebound.
6:41 of 3rd period - Joe Thornton wins face-off versus Brandon Dubinsky in Capitals zone.
6:41 of 3rd period - Joe Thornton is hit by Milan Hejduk.
6:47 of 3rd period - Wrist shot by Tyler Myers.
6:47 of 3rd period - Stopped by Ondrej Pavelec with a rebound.
6:49 of 3rd period - Slapshot by Ryan Callahan.
6:49 of 3rd period - Shot Blocked by Brandon Dubinsky.
6:53 of 3rd period - Slapshot by Scottie Upshall.
6:53 of 3rd period - Shot Misses the Net.
6:55 of 3rd period - Snap shot by Cody Franson.
6:55 of 3rd period - Stopped by Ondrej Pavelec without a rebound.
6:56 of 3rd period - Jason Spezza wins face-off versus Gilbert Brule in Senateurs zone.
7:29 of 3rd period - Snap shot by Gilbert Brule.
7:29 of 3rd period - Stopped by Braden Holtby with a rebound.
7:31 of 3rd period - Slapshot by Kurtis Foster.
7:31 of 3rd period - Shot Misses the Net.
7:33 of 3rd period - Snap shot by Johan Franzen.
7:33 of 3rd period - Shot Misses the Net.
8:09 of 3rd period - Joe Thornton is hit by Kurtis Foster and loses puck.
8:22 of 3rd period - Wrist shot by Joe Thornton.
8:22 of 3rd period - Deflect By Ryan Callahan.
8:22 of 3rd period - Shot Blocked by Dan Hamhuis.
8:22 of 3rd period - Puck is out of play.
8:23 of 3rd period - Brandon Dubinsky wins face-off versus Jason Spezza in Senateurs zone.
8:30 of 3rd period - James Neal is hit by Brandon Dubinsky and loses puck.
9:48 of 3rd period - Slapshot by Andrew Ebbett.
9:48 of 3rd period - Stopped by Braden Holtby with a rebound.
9:54 of 3rd period - Snap shot by Andrew Ebbett.
9:54 of 3rd period - Shot Misses the Net.
10:22 of 3rd period - Wrist shot by Brenden Morrow.
10:22 of 3rd period - Stopped by Braden Holtby without a rebound.
10:23 of 3rd period - Jason Spezza wins face-off versus Gilbert Brule in Capitals zone.
10:29 of 3rd period - Off-side.
10:30 of 3rd period - Gilbert Brule wins face-off versus James Neal in neutral zone.
11:39 of 3rd period - Slapshot by Paul Martin.
11:39 of 3rd period - Stopped by Ondrej Pavelec with a rebound.
12:01 of 3rd period - Slapshot by Vitaly Vishnevsky.
12:01 of 3rd period - Shot Blocked by Joe Thornton.
12:03 of 3rd period - Wrist shot by Andrew Ebbett.
12:03 of 3rd period - Shot Misses the Net.
12:05 of 3rd period - Wrist shot by Ales Kotalik.
12:05 of 3rd period - Stopped by Braden Holtby without a rebound.
12:06 of 3rd period - Chris Kelly wins face-off versus Andrew Ebbett in Capitals zone.
12:11 of 3rd period - Slapshot by Cody Franson.
12:11 of 3rd period - Deflect By Adam Hall.
12:11 of 3rd period - Stopped by Ondrej Pavelec with a rebound.
12:49 of 3rd period - Snap shot by Ales Kotalik.
12:49 of 3rd period - Shot Blocked by Adam Hall.
12:51 of 3rd period - Wrist shot by Andy McDonald.
12:51 of 3rd period - Goal by Andy McDonald - Capitals : 2 - Senateurs : 6.
12:52 of 3rd period - Gilbert Brule wins face-off versus Jason Spezza in neutral zone.
13:26 of 3rd period - Slapshot by Scottie Upshall.
13:26 of 3rd period - Deflect By Ryan Callahan.
13:26 of 3rd period - Stopped by Ondrej Pavelec with a rebound.
13:28 of 3rd period - Slapshot by Tyler Myers.
13:28 of 3rd period - Shot Misses the Net.
13:30 of 3rd period - Wrist shot by Ryan Callahan.
13:30 of 3rd period - Shot Blocked by Kurtis Foster.
13:32 of 3rd period - Slapshot by Tyler Myers.
13:32 of 3rd period - Shot Misses the Net.
13:52 of 3rd period - Wrist shot by Patrik Elias.
13:52 of 3rd period - Shot Blocked by Kurtis Foster.
13:54 of 3rd period - Snap shot by Adam Hall.
13:54 of 3rd period - Stopped by Ondrej Pavelec with a rebound.
13:56 of 3rd period - Slapshot by Adam Hall.
13:56 of 3rd period - Deflect By Chris Kelly.
13:56 of 3rd period - Stopped by Ondrej Pavelec with a rebound.
14:20 of 3rd period - Snap shot by Andy McDonald.
14:20 of 3rd period - Deflect By Andrew Ebbett.
14:20 of 3rd period - Shot Misses the Net.
14:20 of 3rd period - Puck is out of play.
14:21 of 3rd period - Gilbert Brule wins face-off versus Jason Spezza in Capitals zone.
15:04 of 3rd period - Scottie Upshall is hit by Brandon Dubinsky and loses puck.
15:09 of 3rd period - Slapshot by Darcy Hordichuk.
15:09 of 3rd period - Stopped by Braden Holtby without a rebound.
15:10 of 3rd period - Gilbert Brule wins face-off versus Joe Thornton in Capitals zone.
15:11 of 3rd period - Snap shot by Thomas Vanek.
15:11 of 3rd period - Stopped by Braden Holtby without a rebound.
15:12 of 3rd period - Johan Franzen wins face-off versus Joe Thornton in Capitals zone.
15:21 of 3rd period - Snap shot by Gilbert Brule.
15:21 of 3rd period - Stopped by Braden Holtby without a rebound.
15:22 of 3rd period - Jason Spezza wins face-off versus Gilbert Brule in Capitals zone.
15:43 of 3rd period - Minor Penalty to Johan Franzen for Hooking.
15:44 of 3rd period - Gilbert Brule wins face-off versus Jason Spezza in Senateurs zone.
15:59 of 3rd period - Wrist shot by Jason Spezza.
15:59 of 3rd period - Shot Blocked by Dan Hamhuis.
16:09 of 3rd period - Wrist shot by Scottie Upshall.
16:09 of 3rd period - Stopped by Ondrej Pavelec without a rebound.
16:10 of 3rd period - Gilbert Brule wins face-off versus Joe Thornton in Senateurs zone.
16:23 of 3rd period - Slapshot by Cody Franson.
16:23 of 3rd period - Stopped by Ondrej Pavelec without a rebound.
16:24 of 3rd period - Jason Spezza wins face-off versus Gilbert Brule in Senateurs zone.
16:37 of 3rd period - Slapshot by James Neal.
16:37 of 3rd period - Stopped by Ondrej Pavelec without a rebound.
16:38 of 3rd period - Gilbert Brule wins face-off versus Jason Spezza in Senateurs zone.
17:07 of 3rd period - Slapshot by Scottie Upshall.
17:07 of 3rd period - Shot Misses the Net.
17:09 of 3rd period - Slapshot by Cody Franson.
17:09 of 3rd period - Deflect By Ryan Callahan.
17:09 of 3rd period - Goal by Ryan Callahan - Capitals : 3 - Senateurs : 6.
17:10 of 3rd period - Jason Spezza wins face-off versus Brad Richards in neutral zone.
17:55 of 3rd period - Snap shot by Andrew Ebbett.
17:55 of 3rd period - Shot Misses the Net.
17:57 of 3rd period - Wrist shot by Andrew Ebbett.
17:57 of 3rd period - Stopped by Braden Holtby without a rebound.
17:58 of 3rd period - Andrew Ebbett wins face-off versus Jason Spezza in Capitals zone.
18:09 of 3rd period - Slapshot by Kurtis Foster.
18:09 of 3rd period - Shot Misses the Net.
18:11 of 3rd period - Snap shot by Andrew Ebbett.
18:11 of 3rd period - Shot Blocked by Jason Spezza.
18:13 of 3rd period - Snap shot by Andrew Ebbett.
18:13 of 3rd period - Shot Misses the Net.
18:23 of 3rd period - Cody Franson is hit by Thomas Vanek and loses puck.
18:48 of 3rd period - Wrist shot by Brad Richards.
18:48 of 3rd period - Shot Misses the Net.
19:08 of 3rd period - Snap shot by Milan Hejduk.
19:08 of 3rd period - Stopped by Braden Holtby with a rebound.
19:30 of 3rd period - Patrik Elias is hit by Andy McDonald.
Goals for this period are 2 for Capitals vs 1 for Senateurs.
Shots for this period are 13 for Capitals vs 13 for Senateurs.
Back to the Top